 Dungeon Crawl Stone Soup version 0.31.0-32-g396128a36d (webtiles) character file.

Game seed: 8830844999010338378

98650 Peloso the Tortoise (level 15, -4/145 HPs)
             Began as a Minotaur Fighter on Mar 16, 2024.
             Was the Champion of Okawaru.
             Slain by a freezing wraith (9 damage)
             ... led by a death knight
             ... on level 15 of the Dungeon.
             The game lasted 01:02:29 (27382 turns).

Peloso the Tortoise (Minotaur Fighter)             Turns: 27382, Time: 01:02:30

Health: -4/145     AC: 18    Str: 22    XL:     15   Next: 75%
Magic:  15/15      EV:  9    Int:  5    God:    Okawaru [******]
Gold:   2027       SH: 10    Dex: 16    Spells: 14/14 levels left

rFire   . . .        a - +2 scimitar (flame)
rCold   . . .        d - +2 buckler {reflect}
rNeg    . . .        c - +0 plate armour
rPois   .            (helmet currently unavailable)
rElec   .            (cloak currently unavailable)
rCorr   .            (gloves currently unavailable)
SInv    .            (boots currently unavailable)
Will    +....        R - amulet of regeneration Stlth
                     I - ring of flight
HPRegen 1.24/turn    n - +4 ring of slaying
MPRegen 0.14/turn

%: reflection
@: beast-form, marked, flying, hasted and slowed, studying Evocations
A: beast (slay +4), horns 2, retaliatory headbutt
a: Begin Untransformation, Renounce Religion, Heroism, Finesse, Duel, Receive
Weapon, Receive Armour


You were on level 15 of the Dungeon.
You worshipped Okawaru.
Okawaru was exalted by your worship.
You were a hulking beast.
You visited 4 branches of the dungeon, and saw 23 of its levels.

You collected 2051 gold pieces.
You spent 24 gold pieces at shops.

Inventory:

Hand Weapons
 a - a +2 scimitar of flaming (weapon)
 b - a +1 vampiric falchion
Armour
 c - a +0 plate armour (worn)
 d - a +2 buckler of reflection (worn)
 w - a +0 pair of gloves
 E - a +0 scale mail of fire resistance
Jewellery
 e - an amulet of faith
 h - a ring of willpower
 n - a +4 ring of slaying (right hand)
 o - a ring of poison resistance
 y - a +4 ring of protection
 F - a ring of ice
 I - a ring of flight (left hand)
 Q - a ring of see invisible
 R - an amulet of regeneration (around neck)
Talismans
 g - a beast talisman (active)
 J - a maw talisman
 L - a blade talisman
Wands
 j - a wand of polymorph (28)
 t - a wand of flame (46)
 A - a wand of digging (7)
 B - a wand of iceblast (17)
 G - a wand of mindburst (11)
 H - a wand of paralysis (9)
 T - a wand of quicksilver (21)
Scrolls
 f - 7 scrolls of fog
 k - 4 scrolls of enchant armour
 p - 3 scrolls of teleportation
 r - 5 scrolls of amnesia
 s - 3 scrolls of poison
 C - 3 scrolls of acquirement
 K - a scroll of enchant weapon
 M - a scroll of immolation
 O - 2 scrolls of fear
 S - a scroll of revelation
 U - 2 scrolls of summoning {unknown}
 Y - a scroll of identify
Potions
 i - 6 potions of mutation
 l - 2 potions of cancellation
 m - 8 potions of heal wounds {unknown}
 q - a potion of resistance {unknown}
 u - 2 potions of brilliance {unknown}
 v - 4 potions of attraction {unknown}
 x - 3 potions of curing
 D - a potion of invisibility {unknown}
 N - a potion of enlightenment {unknown}
 P - a potion of haste
 V - a potion of ambrosia {unknown}
 W - a potion of lignification {unknown}
 Z - a potion of degeneration {unknown}
Miscellaneous
 z - a lightning rod (4/4)
 X - a phial of floods


   Skills:
 + Level 16.5 Fighting
 + Level 17.0 Long Blades
 + Level 17.7 Armour
 + Level 2.9 Dodging
 + Level 2.2 Stealth
 + Level 13.6 Shields
 + Level 0.9 Unarmed Combat
 + Level 2.2 Invocations
 + Level 0.3 Evocations
 + Level 7.1 Shapeshifting


You had 14 spell levels left.
You didn't know any spells.
Your spell library contained the following spells:

 Spells                   Type           Power      Damage    Failure   Level
 Apportation              Tloc           0%         N/A       99%         1
 Magic Dart               Conj           0%         1d3       99%         1
 Necrotise                Necr           0%         1d4       99%         1
 Shock                    Conj/Air       0%         1d3       99%         1
 Sting                    Conj/Alch      0%         1d3       99%         1
 Cigotuvi's Dreadful Rot  Necr/Alch/Air  0%         N/A       100%        2
 Ensorcelled Hibernation  Hex/Ice        0%         N/A       100%        2
 Mercury Vapours          Alch/Air       0%         N/A       100%        2
 Scorch                   Fire           0%         2d5       100%        2
 Searing Ray              Conj           0%         2d4       100%        2
 Sublimation of Blood     Necr           0%         N/A       100%        2
 Mephitic Cloud           Conj/Alch/Air  0%         N/A       100%        3
 Ozocubu's Armour         Ice            0%         N/A       100%        3
 Passwall                 Erth           0%         N/A       100%        3
 Swiftness                Air            0%         N/A       100%        3
 Airstrike                Air            0%         2d(0-16)  100%        4
 Anguish                  Hex/Necr       0%         N/A       100%        4
 Brom's Barrelling Bould  Conj/Erth      0%         2d3       100%        4
 Cause Fear               Hex            0%         N/A       100%        4
 Dispel Undead            Necr           0%         3d6       100%        4
 Flame Wave               Conj/Fire      0%         2d4       100%        4
 Fulminant Prism          Conj/Alch      0%         3d5       100%        4
 Petrify                  Alch/Erth      0%         N/A       100%        4
 Vhi's Electric Charge    Tloc/Air       0%         N/A       100%        4
 Arcjolt                  Conj/Air       0%         1d10      100%        5
 Fireball                 Conj/Fire      0%         3d3       100%        5
 Freezing Cloud           Conj/Ice/Air   0%         6-21      100%        5
 Irradiate                Conj/Alch      0%         3d11      100%        5
 Iskenderun's Battlesphe  Conj           0%         2d6       100%        5
 Lee's Rapid Deconstruct  Erth           0%         3d4*      100%        5
 Metabolic Englaciation   Hex/Ice        0%         N/A       100%        5
 Conjure Ball Lightning   Conj/Air       0%         3x3d6     100%        6
 Plasma Beam              Fire/Air       0%         2x1d10    100%        6
 Enfeeble                 Hex            0%         N/A       100%        7
 Orb of Destruction       Conj           0%         9d5       100%        7
 Borgnjor's Revivificati  Necr           0%         N/A       100%        8
 Death's Door             Necr           0%         N/A       100%        9
 Summon Small Mammal      Summ           Unusable   N/A       N/A         1
 Call Canine Familiar     Summ           Unusable   N/A       N/A         3
 Animate Armour           Summ/Erth      Unusable   N/A       N/A         4
 Martyr's Knell           Necr/Summ      Unusable   N/A       N/A         4
 Summon Blazeheart Golem  Fire/Summ      Unusable   N/A       N/A         4
 Summon Lightning Spire   Summ/Air       Unusable   N/A       N/A         4
 Death Channel            Necr           Unusable   N/A       N/A         6
 Sculpt Simulacrum        Ice/Alch       Unusable   N/A       N/A         6
 Summon Cactus Giant      Summ           Unusable   N/A       N/A         6
 Haunt                    Necr/Summ      Unusable   N/A       N/A         7
 Dragon's Call            Summ           Unusable   N/A       N/A         9

Dungeon Overview and Level Annotations

Branches:
Dungeon (15/15)            Temple (1/1) D:4            Lair (5/5) D:11
  Swamp (0/4) Lair:3        Snake (0/4) Lair:3        Slime (0/5) Lair:5
    Orc (2/2) D:12            Elf (0/3) Orc:2        Vaults (0/5) D:14
 Depths: D:15

Altars:
Ashenzari
Cheibriados
Dithmenos
Elyvilon
Fedhas
Gozag
Hepliaklqana
Kikubaaqudgha
Makhleb
Nemelex Xobeh
Okawaru
Qazlal
Ru
Sif Muna
Trog
Uskayaw
Vehumet
Wu Jian
Xom
Yredelemnul
Zin
The Shining One
Jiyva

Shops:
D:5 [([?   Orc:2 ([[

Annotations:
D:13 2 transporters, Xyiniphaeg's ghost, journeyman DgIE


Innate Abilities, Weirdness & Mutations

You are a hulking beast.
Your limbs bulge with bestial killing power. (Slay +4)
You have a pair of horns on your head.
You reflexively headbutt those who attack you in melee.


Message History

You block the freezing wraith's attack. The freezing wraith barely misses you.
You block the death knight's attack. You block the freezing wraith's attack.
The freezing wraith hits you! The freezing wraith drains your vigour!
You feel as though you will be slow longer.
The death knight attacks as it pursues you!
The death knight hits you with a +2 heavy broad axe!!
* * * LOW HITPOINT WARNING * * *
The freezing wraith hits you.
* * * LOW HITPOINT WARNING * * *
The freezing wraith freezes you!
* * * LOW HITPOINT WARNING * * *
The freezing wraith hits you but does no damage.
A two-headed ogre comes into view. It is wielding two +0 giant clubs.
Unknown command.
As you read the scroll of fear, it crumbles to dust.
You assume a fearsome visage.
The two-headed ogre looks frightened! x2
The death knight resists with almost no effort.
The freezing wraith is unaffected.
The death knight's dark mirror aura disappears.
The freezing wraith completely misses you.
You furiously retaliate!
You headbutt the freezing wraith!
The freezing wraith hits you but does no damage.
The freezing wraith hits you.
* * * LOW HITPOINT WARNING * * *
The freezing wraith freezes you!
* * * LOW HITPOINT WARNING * * *
The freezing wraith hits you but does no damage.
The death knight hits you with a +2 heavy broad axe!
* * * LOW HITPOINT WARNING * * *
Okay, then.
Okay, then.
You feel yourself speed up.
The freezing wraith hits you but does no damage.
You block the freezing wraith's attack.
The death knight hits you with a +2 heavy broad axe!
* * * LOW HITPOINT WARNING * * *
Unknown command.
You block the freezing wraith's attack. The freezing wraith hits you!
You die...

#########.## #####
#..........###...##
####.##.....g........#
#.)))....#.#O#.#.#.#.#
#<##.###.#(#.#.#.#.#.#####
#.##.# #.#.#.#.#.#.#......
#.##.###.#.#.#.#.#...#####
#.##.....#.#.#.#.#...#
#.######.h...........#####
#.# ###Wp...####......#
#.# ##...## ##.###.# ...
#.....# #.###.# #.......#
#.#.#.#
#...........###......
#...........+........
.............####....#
............## ##.#.#


You could see a death knight and a freezing wraith.

Vanquished Creatures
  Rupert (Lair:3)
  A sphinx (D:14)
  Frances (D:14)
  Kirke (D:12)
  Snorg (D:12)
  An ettin (Orc:1)
  Fannar (D:12)
  5 hydras
  2 catoblepae
  Erica (D:9)
  A merfolk avatar (Lair:5)
  6 centaur warriors
  5 ogre magi
  9 two-headed ogres
  4 boulder beetles
  3 tengu warriors
  An orc high priest (D:6)
  Sonja (D:11)
  4 skysharks
  The ghost of ratatoskos the Jinx, a journeyman SpHs of Hepliaklqana (D:11)
  4 skeletal warriors (D:13)
  2 orc knights
  A bog body (Lair:3)
  3 deep elf pyromancers
  5 orc sorcerers (Orc:2)
  A phantasmal warrior (D:15)
  15 ugly things
  8 cyclopes
  5 manticores
  31 elephants
  4 black mambas
  3 slime creatures (D:14)
  A torpor snail (Lair:5)
  10 cane toads
  4 gargoyles
  An unseen horror (shapeshifter) (D:13)
  A freezing wraith (D:15)
  4 kobold demonologists
  6 rime drakes
  6 komodo dragons
  An unseen horror (D:9)
  6 trolls
  3 polar bears
  The ghost of drclock the Chopper, an amateur HORe (D:4)
  27 blink frogs
  Grinder (D:5)
  A wind drake (Lair:5)
  A snapping turtle (Lair:5)
  2 shadows
  4 water elementals (D:10)
  A ynoxinul (D:11)
  6 wyverns
  21 yaks
  A yak (shapeshifter) (D:13)
  7 wargs
  3 basilisks
  6 hogs
  A human (D:12)
  2 steam dragons
  A naga (Lair:3)
  4 acid dragons
  20 water moccasins
  A sky beast (D:7)
  A black bear (Lair:1)
  13 ogres
  3 ice beasts
  9 orc warriors
  5 boggarts
  13 wolves
  The ghost of ChadusMaximus the Caller, an amateur BaSu (D:3)
  16 centaurs
  A kobold brigand (D:9)
  11 bullfrogs
  A gnoll sergeant (D:9)
  5 scorpions
  7 wights
  13 killer bees
  3 howler monkeys
  A troll skeleton (D:9)
  3 electric eels
  5 spriggan skeletons (D:9)
  4 bombardier beetles
  7 hounds
  14 orc priests
  3 jellies
  4 gnoll boudas
  3 sleepcaps
  Crazy Yiuf (D:2)
  36 orc wizards
  A centaur simulacrum (D:8)
  13 gnolls
  3 adders
  4 shadow imps (D:6)
  2 white imps
  2 ufetubi (D:4)
  5 ribbon worms
  93 orcs
  9 bats
  6 endoplasms
  2 giant cockroaches (D:1)
  3 goblins
  9 hobgoblins
  16 jackals
  5 kobolds
  3 quokkas
  8 ball pythons
  4 frilled lizards
  2 rats (D:2)
659 creatures vanquished.

Vanquished Creatures (others)
  A centaur warrior (D:14)
  2 orc wizards (Orc:2)
3 creatures vanquished.

Grand Total: 662 creatures vanquished

Notes
Turn   | Place    | Note
-------+----------+-------------------------------------------
     0 | D:1      | Peloso the Minotaur Fighter began the quest for the Orb.
     0 | D:1      | Reached XP level 1. HP: 19/19 MP: 0/0
   205 | D:1      | Reached XP level 2. HP: 27/27 MP: 1/1
   683 | D:2      | Reached XP level 3. HP: 32/33 MP: 2/2
   755 | D:2      | Found a shimmering altar of Xom.
   928 | D:2      | Reached XP level 4. HP: 38/40 MP: 3/3
   941 | D:2      | Identified the +5 robe of Ulohalimm {Str+4}
   964 | D:2      | Identified the +1 chain mail "Ecridipp" {-Tele rF+ MP+9}
  1022 | D:2      | HP: 2/40 [gnoll/+0 spear (5)]
  1371 | D:2      | Found a runed translucent door.
  1372 | D:2      | Noticed Crazy Yiuf
  1577 | D:3      | Reached XP level 5. HP: 47/47 MP: 4/4
  1785 | D:3      | Reached skill level 5 in Long Blades
  2095 | D:3      | Found a runed translucent door.
  2096 | D:3      | Noticed ChadusMaximus's ghost (amateur BaSu)
  2555 | D:3      | Reached XP level 6. HP: 50/55 MP: 5/5
  2569 | D:4      | Reached skill level 5 in Fighting
  2581 | D:4      | Noticed an orc warrior
  2599 | D:3      | Reached skill level 5 in Armour
  2953 | D:3      | Killed an orc warrior
  2972 | D:4      | Reached skill level 5 in Shields
  3008 | D:3      | Reached XP level 7. HP: 10/55 MP: 6/6
  3231 | D:4      | Found a staircase to the Ecumenical Temple.
  3326 | Temple   | Entered the Ecumenical Temple
  3337 | Temple   | Became a worshipper of Warmaster Okawaru
  3366 | D:4      | Found a transporter.
  3505 | D:4      | Found a transporter.
  3571 | D:4      | Noticed drclock's ghost (amateur HORe)
  3990 | D:5      | Entered Level 5 of the Dungeon
  3990 | D:5      | Found Anyd's Antique Weapon Boutique.
  4119 | D:5      | Found Toclog's Magic Scroll Shoppe.
  4128 | D:5      | Bought a scroll of identify for 24 gold pieces
  4187 | D:5      | Reached * piety under Okawaru
  4188 | D:5      | Reached XP level 8. HP: 70/70 MP: 7/7
  4293 | D:5      | Found Reymuer's Antique Armour Shop.
  4364 | D:5      | Found Wyejeti's Armour Shoppe.
  4495 | D:5      | Noticed Grinder
  4516 | D:5      | Killed Grinder
  4745 | D:5      | Reached skill level 1 in Shapeshifting
  5181 | D:6      | Reached ** piety under Okawaru
  5424 | D:6      | Noticed an orc high priest
  5428 | D:6      | Found a transporter.
  5431 | D:6      | Found a transporter.
  5441 | D:6      | Noticed a kobold demonologist
  5515 | D:6      | Noticed a kobold demonologist
  5564 | D:6      | Reached skill level 1 in Stealth
  5564 | D:6      | Reached XP level 9. HP: 66/79 MP: 8/8
  5879 | D:7      | Found a sparkling altar of Nemelex Xobeh.
  5923 | D:7      | Identified the +3 leather armour of Spite {rPois}
  6594 | D:7      | Reached *** piety under Okawaru
  6972 | D:8      | Noticed a manticore
  6978 | D:8      | Reached **** piety under Okawaru
  7711 | D:8      | Reached skill level 10 in Long Blades
  8015 | D:8      | Reached XP level 10. HP: 72/88 MP: 9/9
  8302 | D:8      | Killed a manticore
  8303 | D:8      | Reached skill level 10 in Armour
  8303 | D:8      | Reached skill level 1 in Dodging
  8978 | D:9      | Found a bloodstained altar of Trog.
  8998 | D:9      | Found a burning altar of Makhleb.
  9043 | D:9      | Found a blossoming altar of Fedhas.
  9056 | D:9      | Noticed a two-headed ogre
  9075 | D:9      | Killed a two-headed ogre
  9075 | D:9      | Reached ***** piety under Okawaru
  9908 | D:9      | Found a stormy altar of Qazlal.
 10098 | D:9      | Noticed Erica
 10108 | D:9      | Noticed a purple ugly thing
 10110 | D:9      | Noticed a centaur warrior
 10146 | D:9      | Killed Erica
 10325 | D:9      | Reached XP level 11. HP: 90/97 MP: 7/10
 10417 | D:9      | Killed a purple ugly thing
 10422 | D:9      | Killed a centaur warrior
 10709 | D:10     | Entered Level 10 of the Dungeon
 10736 | D:10     | Found a shimmering altar of Xom.
 10758 | D:10     | Received a gift from Okawaru
 10851 | D:10     | Found an ancient bone altar of Kikubaaqudgha.
 11048 | D:10     | Identified the +1 ring mail "Doant" {Int+4}
 11385 | D:10     | Found an ornate altar of the Wu Jian Council.
 11405 | D:10     | Noticed a tengu warrior
 11406 | D:10     | Noticed a tengu warrior
 11421 | D:10     | Killed a tengu warrior
 11422 | D:10     | Reached skill level 10 in Fighting
 11425 | D:10     | Killed a tengu warrior
 11973 | D:11     | Received a gift from Okawaru
 12135 | D:11     | Noticed ratatoskos's ghost (journeyman SpHs)
 12136 | D:11     | Found a runed translucent door.
 12170 | D:11     | Noticed a centaur warrior
 12177 | D:11     | Killed a centaur warrior
 12519 | D:11     | Found a staircase to the Lair.
 12637 | D:11     | Received a gift from Okawaru
 12691 | D:11     | Identified the +1 robe "Xiudghuem" {Str+3 Int+2 Dex+3}
 12953 | D:11     | Noticed Sonja
 12965 | D:11     | Killed Sonja
 12966 | D:11     | Reached XP level 12. HP: 110/110 MP: 11/11
 13104 | Lair:1   | Entered Level 1 of the Lair of Beasts
 13755 | Lair:1   | Reached ****** piety under Okawaru
 13947 | Lair:1   | Reached skill level 5 in Shapeshifting
 14336 | Lair:2   | Identified a scroll of acquirement
 14452 | Lair:2   | Received a gift from Okawaru
 15725 | Lair:3   | Received a gift from Okawaru
 15849 | Lair:3   | Noticed a five-headed hydra
 15857 | Lair:3   | Killed a two-headed hydra
 15858 | Lair:3   | Noticed a catoblepas
 15862 | Lair:3   | Reached skill level 1 in Invocations
 15907 | Lair:2   | Killed a catoblepas
 15908 | Lair:2   | Reached XP level 13. HP: 39/119 MP: 12/12
 16323 | Lair:3   | Noticed Rupert
 16339 | Lair:3   | Paralysed by Rupert for 3 turns
 16342 | Lair:3   | Found a staircase to the Snake Pit.
 16593 | Lair:3   | Paralysed by Rupert for 2 turns
 16608 | Lair:2   | Reached skill level 10 in Shields
 16676 | D:12     | Noticed Snorg
 16681 | D:12     | Killed Snorg
 16785 | D:12     | Found a staircase to the Orcish Mines.
 17093 | D:12     | Noticed Kirke
 17311 | D:12     | Received a gift from Okawaru
 17902 | D:12     | Noticed Fannar
 17915 | D:12     | Killed Fannar
 18300 | D:12     | Killed Kirke
 18331 | Orc:1    | Entered Level 1 of the Orcish Mines
 18609 | Orc:2    | Entered Level 2 of the Orcish Mines
 18867 | Orc:2    | Received a gift from Okawaru
 18868 | Orc:2    | Reached skill level 15 in Long Blades
 18940 | Orc:2    | Paralysed by an ogre mage for 2 turns
 19142 | Orc:2    | Reached skill level 15 in Armour
 19445 | Orc:2    | Found Nies's Antique Weapon Boutique.
 19447 | Orc:2    | Found Loblinuph's Armour Shop.
 19508 | Orc:2    | Received a gift from Okawaru
 19571 | Orc:2    | Found Lutink's Antique Armour Boutique.
 19667 | Orc:2    | Found a staircase to the Elven Halls.
 19942 | Orc:1    | Noticed an ettin
 19950 | Orc:1    | Killed an ettin
 19951 | Orc:1    | Reached XP level 14. HP: 82/130 MP: 11/14
 20455 | Lair:3   | Killed Rupert
 20769 | Lair:3   | Found a staircase to the Swamp.
 21293 | Lair:4   | Identified the +4 hand axe "Gomogg" {flame, rC+}
 21764 | Lair:5   | Entered Level 5 of the Lair of Beasts
 21764 | Lair:5   | Found a blossoming altar of Fedhas.
 21786 | Lair:4   | Received a gift from Okawaru
 22496 | Lair:5   | Received a gift from Okawaru
 22705 | Lair:5   | Found a viscous altar of Jiyva.
 22705 | Lair:5   | Found a staircase to the Slime Pits.
 22755 | Lair:5   | Reached skill level 15 in Fighting
 23120 | Lair:5   | Identified the staff "Ipiff" {rF+ Will++ Fire}
 23159 | Lair:5   | Received a gift from Okawaru
 23806 | D:13     | Reached XP level 15. HP: 120/141 MP: 15/15
 23831 | D:13     | Found a transporter.
 24104 | D:13     | Received a gift from Okawaru
 24273 | D:13     | Found a transporter.
 24278 | D:13     | Noticed Xyiniphaeg's ghost (journeyman DgIE)
 24785 | D:2      | Killed Crazy Yiuf
 24849 | D:3      | Killed ChadusMaximus's ghost
 24950 | D:4      | Killed drclock's ghost
 25430 | D:11     | Killed ratatoskos's ghost
 26081 | D:14     | Received a gift from Okawaru
 26260 | D:14     | Noticed Frances
 26273 | D:14     | Killed Frances
 26564 | D:14     | Found a gate to the Vaults.
 26564 | D:14     | Noticed a sphinx
 26574 | D:14     | Killed a sphinx
 26574 | D:14     | Received a gift from Okawaru
 26915 | D:15     | Entered Level 15 of the Dungeon
 27381 | D:15     | HP: 4/145 [death knight/+2 heavy broad axe (7)]
 27382 | D:15     | Slain by a freezing wraith

Illustrated notes

Levels and vault maps discovered:
D:1:      minmay_arrival_hallway, layout_rooms, minmay_tripent
D:2:      layout_basic, basic_altar, uniq_crazy_yiuf_cottage
D:3:      layout_basic, gammafunk_ghost_grave, serial_glass, glass_columns_b,
          glass_columns_b, glass_columns_a, glass_columns_a
D:4:      layout_rooms, minmay_temple_entry_slanted,
          gammafunk_ghost_gnarly_gnolls
D:5:      layout_loops_corners, serial_shops, shop,
          nicolae_shop_advertising_works [nicolae_subvault_shop_adworks],
          nicolae_take_the_stairs, nicolae_shop_overgrown_old_shop,
          kennysheep_small_circle, uniq_grinder
D:6:      gammafunk_wand_slinger, layout_loops_ring
D:7:      layout_basic, kennysheep_mini_moat
D:8:      nzn_winding_woodlands_cross [nzn_winding_woodlands_5x15_garden,
          nzn_winding_woodlands_5x15_jagged, nzn_winding_woodlands_5x15_pool,
          nzn_winding_woodlands_5x15_river_crossing,
          nzn_winding_woodlands_15x15_killbox], layout_loops_corners,
          columned_hall_lemuel
D:9:      kennysheep_windowed_halls, layout_basic,
          nicolae_overflow_quartered_altars, hangedman_tell_no_tales, uniq_erica
D:10:     layout_roguey, lemuel_round_altar, kiku_gazebo_pond_becter,
          nzn_wu_jian_council_hall, dreamdust_princess_corridor,
          nicolae_underground_beach
D:11:     layout_gridville, erik_lair_orcish_takeover, hellmonk_ghost_big_iron,
          corexii_corridor_pit, nicolae_letterblocks [nicolae_letter_subblock,
          nicolae_letter_subblock, nicolae_letter_subblock,
          nicolae_letter_subblock, nicolae_letter_subblock,
          nicolae_letter_subblock, nicolae_letter_subblock,
          nicolae_letter_subblock, nicolae_letter_subblock,
          nicolae_letter_subblock, nicolae_letter_subblock,
          nicolae_letter_subblock, nicolae_letter_subblock,
          nicolae_letter_subblock, nicolae_letter_subblock,
          nicolae_letter_subblock, nicolae_letter_subblock,
          nicolae_letter_subblock, nicolae_letter_subblock,
          nicolae_letter_subblock, nicolae_letter_subblock,
          nicolae_letter_subblock, nicolae_letter_subblock,
          nicolae_letter_subblock, nicolae_letter_subblock], uniq_sonja
D:12:     layout_stronghold, minmay_orc_entry_temple_small, uniq_kirke,
          uniq_fannar, uniq_snorg
D:13:     layout_loops_ring, gammafunk_ghost_mausoleum
D:14:     layout_basic, hellmonk_vaults_attempted_burglary, bh_walls_and_bars,
          uniq_frances
D:15:     gammafunk_enter_depths_forms, layout_loops_corners,
          minmay_misc_feat_rows, okawaru_gym_becter
Temple:   nicolae_temple_great_sept
Lair:1:   layout_long_grid, grunt_megastairs_3
Lair:2:   layout_cave_pods
Lair:3:   layout_chaotic_city, nicolae_swamp_entry_splash_gauntlet,
          guppyfry_snake_entry_island, serial_bayou_pond_b, uniq_rupert
Lair:4:   layout_long_grid, minivault_27, chequers_serial_rivers_small_a
Lair:5:   gammafunk_lair_ancient_temple, layout_long_grid, slime_entry_1,
          basic_altar, chequers_serial_rivers_small_3, bh_autumn_forest_stairs,
          lemuel_fruit_tree, serial_bayou_shore_a
Orc:1:    layout_caves, guppyfry_library_mini
Orc:2:    st_orc_town, layout_caves

Skill      XL: |  1  2  3  4  5  6  7  8  9 10 11 12 13 14 15 |
---------------+----------------------------------------------+-----
Shields        | 4 5 6 7 8 9 11 12 13 | 13.6
Fighting       | 4 5 6 7 9 11 12 13 15 16 | 16.5
Long Blades    | 3 4 5 6 8 10 11 13 14 15 16 17 | 17.0
Armour         | 4 5 7 8 9 10 12 13 15 16 17 | 17.7
Shapeshifting  | 2 3 4 5 6 7 |  7.1
Stealth        | 1 2 |  2.2
Dodging        | 1 2 |  2.9
Invocations    | 1 2 |  2.2
Unarmed Combat | |  0.9
Evocations     | |  0.3

Action                     |  1- 3 |  4- 6 |  7- 9 | 10-12 | 13-15 || total
---------------------------+-------+-------+-------+-------+-------++-------
  Melee: Long sword        |   100 |       |       |       |       ||   100
         Headbutt          |    22 |    22 |    86 |   136 |   271 ||   537
         Falchion          |    35 |   138 |   412 |   210 |       ||   795
         Scimitar          |       |       |       |   405 |  1023 ||  1428
         Unarmed           |       |       |       |       |    18 ||    18
 Invoke: Heroism           |       |       |       |     6 |     6 ||    12
  Evoke: Wand              |       |       |       |     2 |       ||     2
    Use: Potion            |     1 |     1 |     2 |     3 |     4 ||    11
         Scroll            |     1 |       |     6 |     5 |    12 ||    24
   Stab: Paralysed         |       |       |       |     3 |       ||     3
 Armour: Scale mail        |    29 |       |       |       |       ||    29
         Plate armour      |   109 |   129 |   320 |   613 |   989 ||  2160
         Skin              |       |       |       |       |     8 ||     8
  Dodge: Dodged            |    33 |    41 |    82 |   173 |   364 ||   693
  Block: Buckler           |    33 |    46 |   102 |   215 |   457 ||   853
         Reflection        |       |       |       |     1 |    33 ||    34
   Form: Beast             |       |       |     1 |     1 |       ||     2
                           |       |       |       |     1 |       ||     1
         Blade             |       |       |       |     1 |       ||     1
         Maw               |       |       |       |     1 |       ||     1
